 Dungeon Crawl Stone Soup version 0.16.1-51-g6203257 (webtiles) character file.

400 uhvn the Sneak (level 6, -12/32 HPs)
             Began as a Vine Stalker Enchanter on July 8, 2015.
             Mangled by an ogre
             ... wielding a +0 giant spiked club
              (14 damage)
             ... on level 5 of the Dungeon.
             The game lasted 00:22:32 (3052 turns).

uhvn the Sneak (Vine Stalker Enchanter)             Turns: 3052, Time: 00:22:33

Health: -12/32     AC:  7    Str: 10    XL:     6   Next: 84%
Magic:  0/13       EV: 16    Int: 15    God:
Gold:   47         SH:  0    Dex: 17    Spells: 2 memorised, 7 levels left

rFire  . . .     SeeInvis .     a - +1 dagger
rCold  . . .     Clarity  .     b - +1 robe
rNeg   . . .     SustAb   .     (no shield)
rPois  .         Gourm    .     (no helmet)
rElec  .         Spirit   +     (no cloak)
rCorr  .         Warding  .     k - +0 pair of gloves
rMut   .         Stasis   .     (no boots)
MR     .....                    (no amulet)
Stlth  +++.......               e - +3 ring of protection
                                j - +3 ring of evasion

@: lethally poisoned (-12 -> -14), not resistant to hostile enchantments, fairly
stealthy
A: fangs 2, regeneration 2, magic shield, antimagic bite, no device heal 3, rot
immunity
a: no special abilities


You were on level 5 of the Dungeon.
You were not hungry.

You visited 1 branch of the dungeon, and saw 5 of its levels.

You collected 208 gold pieces.
You spent 161 gold pieces at shops.

Inventory:

Hand weapons
 a - a +1 dagger (weapon)
 t - a +0 antimagic dagger
Missiles
 i - 2 curare-tipped needles
 l - 10 stones
 r - 2 javelins (quivered)
Armour
 b - a +1 robe (worn)
 k - a +0 pair of gloves (worn)
Jewellery
 e - a +3 ring of protection (right hand)
 f - an uncursed ring of teleportation
 j - a +3 ring of evasion (left hand)
 s - an uncursed ring of sustain abilities
Scrolls
 o - a scroll of amnesia {unknown}
 p - 2 scrolls of identify
 q - a scroll of fear {unknown}
 y - 2 scrolls of remove curse
 z - a scroll of enchant armour {unknown}
 B - 3 scrolls of magic mapping
 C - a scroll of fog {unknown}
Potions
 g - a potion of magic {unknown}
 h - a potion of agility {unknown}
 m - a potion of resistance {unknown}
 v - a potion of might {unknown}
 w - 2 potions of restore abilities
 x - a potion of cancellation {unknown}
 E - 2 potions of degeneration {unknown}
 F - a potion of curing {unknown}
 G - a potion of invisibility {unknown}
Books
 c - a book of Maledictions

   Spells                             Type                      Level
   a - Corona                         Hexes                        1
   b - Sure Blade                     Hexes/Charms                 2
   c - Ensorcelled Hibernation        Hexes/Ice                    2
   d - Confuse                        Hexes                        3
   e - Dazzling Spray                 Conjuration/Hexes            3
   f - Enslavement                    Hexes                        4
 n - a book of Ice

   Spells                             Type                      Level
   a - Ice Form                       Ice/Transmutation            4
   b - Metabolic Englaciation         Hexes/Ice                    5
   c - Ozocubu's Refrigeration        Ice                          6
   d - Bolt of Cold                   Conjuration/Ice              6
   e - Freezing Cloud                 Conjuration/Ice/Air          6
   f - Simulacrum                     Ice/Necromancy               6
Comestibles
 d - 4 bread rations
 u - a meat ration
 A - a slice of pizza


   Skills:
 * Level 3.2 Fighting
 * Level 3.1 Short Blades
 + Level 2.7 Dodging
 - Level 5.0 Stealth
 + Level 2.7 Spellcasting
 - Level 3.0 Hexes
 + Level 0.8 Ice Magic


You had 7 spell levels left.
You knew the following spells:

 Your Spells              Type           Power        Failure   Level  Hunger
a - Corona                Hex            ##.....      8%          1    #......
b - Ensorcelled Hibernat  Hex/Ice        #.....       14%         2    ##.....


Dungeon Overview and Level Annotations

Branches:
Dungeon (5/15)
 Temple: D:4-7

Altars:
Cheibriados
Okawaru
The Shining One

Shops:
D:4 }***


Innate Abilities, Weirdness & Mutations

You have extremely sharp teeth.
You heal very quickly.
When hurt, damage is shared between your health and your magic reserves.
Your bite disrupts and absorbs the magic of your enemies.
Potions and wands cannot restore your health.
You are immune to rotting.


Message History

You feel sick.
* * * LOW HITPOINT WARNING * * *
You feel sick.
* * * LOW HITPOINT WARNING * * *
You feel sick. The bat hits you but does no damage.
The worker ant barely misses you.
* * * LOW HITPOINT WARNING * * *
You feel sick.
The sky beast flickers out of sight!
Deactivating autopickup; reactivate with Ctrl-A.
The bat closely misses you.
You see here 4 fruits.
You closely miss the bat. The bat closely misses you.
The worker ant bites you but does no damage.
You hit the worker ant. Your bite misses the worker ant.
The worker ant is moderately wounded.
* * * LOW HITPOINT WARNING * * *
You feel sick. Something hits you but does no damage.
The worker ant barely misses you.
The ogre hits you with a giant spiked club!!
You die...

#..........#.#### #...
.....
#......##.......####.#
#...
#......##./.....'..).###
#.≈.
#########.##....####...#
#... #......O..##...#
#?..
#########.##...####...
...............'......
####+####.......#######
#...b{@.........# #
#....aO...........
#....Z............
#.................
########........#########
### #....%..$.......# #..
#........######## ####..
#........# #.....
#........# .......


You could see an ogre, a worker ant, a bat and a jackal skeleton.

Vanquished Creatures
  A phantom (D:4)
  An orc wizard (D:4)
  A hound (D:4)
  An iguana (D:4)
  3 worker ants (D:4)
  4 adders
  A worm (D:5)
  An adder skeleton (D:4)
  3 giant geckos
  2 oozes (D:3)
  12 orcs
  2 ball pythons
  6 bats
  4 giant cockroaches
  17 hobgoblins
  6 kobolds
  A giant newt (D:2)
  11 goblins
  4 quokkas
  14 rats
95 creatures vanquished.

Notes
Turn   | Place    | Note
--------------------------------------------------------------
     0 | D:1      | uhvn, the Vine Stalker Enchanter, began the quest for the Orb.
     0 | D:1      | Reached XP level 1. HP: 9/9 MP: 3/3
   149 | D:1      | Reached XP level 2. HP: 12/14 MP: 5/5
   250 | D:2      | Reached skill level 1 in Fighting
   257 | D:2      | Reached skill level 1 in Short Blades
   328 | D:2      | Reached skill level 4 in Stealth
   512 | D:1      | Reached XP level 3. HP: 18/18 MP: 7/7
   770 | D:2      | Found a glowing golden altar of the Shining One.
   857 | D:2      | Reached XP level 4. HP: 23/23 MP: 8/8
  2043 | D:4      | Reached skill level 5 in Stealth
  2043 | D:4      | Reached XP level 5. HP: 3/27 MP: 8/11
  2306 | D:4      | Found Xiett's General Store.
  2314 | D:4      | Bought a scroll of teleportation for 42 gold pieces
  2314 | D:4      | Bought a potion of restore abilities for 70 gold pieces
  2314 | D:4      | Bought a scroll of magic mapping for 49 gold pieces
  2362 | D:4      | Gained mutation: You heal very quickly. [vine stalker growth]
  2362 | D:4      | Reached XP level 6. HP: 14/32 MP: 11/13
  2469 | D:4      | Learned a level 2 spell: Ensorcelled Hibernation
  2520 | D:4      | Found Veggeig's General Store.
  2577 | D:4      | Noticed a phantom
  2670 | D:4      | Killed a phantom
  2726 | D:4      | Found Praism's General Store.
  2797 | D:4      | Found Stryav's Gadget Shop.
  2823 | D:4      | Found an iron altar of Okawaru.
  2835 | D:4      | Found a snail-covered altar of Cheibriados.
  2941 | D:5      | Entered Level 5 of the Dungeon
  3052 | D:5      | Mangled by an ogre

Action                   |  1- 3 |  4- 6 || total
-------------------------+-------+-------++-------
Melee: Dagger            |   107 |   312 ||   419
Throw: Javelin           |       |     1 ||     1
 Cast: Corona            |     5 |    41 ||    46
       Ensorcelled Hiber |       |     1 ||     1
  Use: Scroll            |       |     4 ||     4
 Stab: Sleeping          |     4 |     9 ||    13
  Eat: Chunk             |       |     4 ||     4
       Bread ration      |       |     1 ||     1
